 Dungeon Crawl Stone Soup version 0.20.1-1-g8b1a95d66d (webtiles) character file.

63 Ivernyr the Bolt Thrower (level 3, 32/32 HPs)
             Began as a Deep Dwarf Hunter on Nov 27, 2017.
             Quit the game on level 2 of the Dungeon.
             The game lasted 00:03:51 (841 turns).

Ivernyr the Bolt Thrower (Deep Dwarf Hunter)         Turns: 841, Time: 00:03:52

Health: 32/32      AC:  3    Str: 16    XL:     3   Next: 89%
Magic:  2/2        EV: 13    Int: 11    God:
Gold:   49         SH:  4    Dex: 13    Spells: 2/2 levels left

rFire    . . .     SeeInvis .   b - +0 hand axe
rCold    . . .     Gourm    .   (no shield)
rNeg     . . .     Faith    .   c - +0 leather armour
rPois    .         Spirit   .   (no helmet)
rElec    .         Reflect  +   (no cloak)
rCorr    .         Harm     .   (no gloves)
MR       .....                  (no boots)
Stlth    +.........             e - +4 amulet of reflection
Regen    0.0/turn               (no ring)
MPRegen  0.1/turn               (no ring)

@: non-regenerating
A: damage resistance, heal wounds, sense surroundings 1, no regeneration
a: Heal Wounds


You were on level 2 of the Dungeon.
You were not hungry.

You visited 1 branch of the dungeon, and saw 2 of its levels.

You collected 49 gold pieces.

Inventory:

Hand Weapons
 a - a +1 hand crossbow
 b - a +0 hand axe (weapon)
Missiles
 d - 20 bolts
Armour
 c - a +0 leather armour (worn)
Jewellery
 e - a +4 amulet of reflection (around neck)
Scrolls
 h - a scroll of blinking {unknown}
 i - a scroll of teleportation {unknown}
 j - a scroll of enchant armour {unknown}
 k - 2 scrolls of identify {unknown}
 m - a scroll of enchant weapon {unknown}
Potions
 g - a potion of lignification {unknown}
Comestibles
 f - 3 bread rations
 l - a meat ration


   Skills:
 - Level 2.0 Fighting
 * Level 5.3 Crossbows
 + Level 1.3 Armour
 + Level 3.0 Dodging
 - Level 1.2 Stealth


You had 2 spell levels left.
You didn't know any spells.

Dungeon Overview and Level Annotations

Branches:
Dungeon (2/15)

Altars:


Innate Abilities, Weirdness & Mutations

You are resistant to damage.
You can heal yourself by infusing magical energy.
You passively map a small area around you.
You do not regenerate.


Message History

Your Armour skill increases to level 1!
Your Dodging skill increases to level 3!
Wield which item (- for none, * to show all)? (? for menu, Esc to quit)
b - a +0 hand axe (weapon)
d - 15 bolts (gained 1)
d - 16 bolts (gained 1)
You see here 6 needles of frenzy.
d - 18 bolts (gained 2)
d - 19 bolts (gained 1)
You feel yourself speed up.
d - 20 bolts (gained 1)
Things that are here:
a club; a robe Your magical essence is drained by the effort!
You feel much better.
A rat comes into view.
Found a blue potion.
You see here 11 gold pieces.
The rat barely misses you.
Are you sure you want to abandon this character and quit the game? (Confirm with "yes".)

...........#
.#.#######.# #.#
##.# #<# #.# #.#
#.# #.#### * * #.#
#.# #.... , , #.#
#.# #..##### *****
, #.#
#.#######..#... , ,
, #.#
#..........#.######
* , #.# ###
#.@...$#.....# , *
*#r.!.##.####.# , #
, < .....#####.#
#)# * * #* * *
####. ###.####.# #
#.###.....##.# #.
......>##.# * #.
#.....##(# * ..
#.....##.# ,,
,.###.....##.# ***


You could see a rat.

Vanquished Creatures
  Jessica (D:2)
  4 dart slugs
  3 leopard geckos (D:1)
  2 bats
  A giant cockroach (D:1)
  A hobgoblin (D:2)
  4 frilled lizards
  9 goblins
  3 kobolds
  A rat (D:1)
29 creatures vanquished.

Notes
Turn   | Place    | Note
-------+----------+-------------------------------------------
     0 | D:1      | Ivernyr the Deep Dwarf Hunter began the quest for the Orb.
     0 | D:1      | Reached XP level 1. HP: 19/19 MP: 1/1
    92 | D:1      | Reached XP level 2. HP: 23/26 MP: 2/2
   625 | D:1      | Reached skill level 5 in Crossbows
   640 | D:1      | Reached XP level 3. HP: 8/32 MP: 3/3
   807 | D:2      | Noticed Jessica
   815 | D:2      | Killed Jessica
   815 | D:2      | Reached skill level 1 in Armour
   841 | D:2      | Quit the game

Skill      XL: |  1  2  3 |
---------------+----------+-----
Fighting       | 2 |  2.0
Crossbows      | 5 |  5.3
Armour         | 1 |  1.3
Dodging        | 3 |  3.0
Stealth        | |  1.2

Action                   || total
-------------------------++-------
Melee: Short sword       ||    35
       Hand axe          ||    65
 Fire: Hand crossbow     ||     6
 Abil: Heal Wounds       ||     1
 Stab: Sleeping          ||     2
Armor: Leather armour    ||    17
Dodge: Dodged            ||    55
Block: Other             ||    12
